 Dungeon Crawl Stone Soup version 0.18.1-5-g4a78601 (webtiles) character file.

98 Scarto the Skirmisher (level 4, -4/36 HPs)
             Began as a Demonspawn Berserker on May 11, 2016.
             Was a Priest of Trog.
             Slain by a gnoll
             ... wielding a +0 halberd
              (14 damage)
             ... on level 3 of the Dungeon.
             The game lasted 00:04:15 (1451 turns).

Scarto the Skirmisher (Demonspawn Berserker)        Turns: 1451, Time: 00:04:15

Health: -4/36      AC:  8    Str: 18    XL:     4   Next: 43%
Magic:  4/4        EV:  5    Int:  9    God:    Trog [***...]
Gold:   158        SH:  0    Dex: 12    Spells: 0 memorised, 3 levels left

rFire  . . .     SeeInvis .     n - +1 spear (flame)
rCold  . . .     Gourm    .     g - +1 scale mail
rNeg   . . .     Faith    .     (no shield)
rPois  .         Spirit   .     (no helmet)
rElec  .         Dismiss  .     (no cloak)
rCorr  .         Reflect  .     (no gloves)
SustAt .         Harm     .     (no boots)
MR     .....                    (no amulet)
Stlth  +.........               (no ring)
                                q - ring of stealth

@: not resistant to hostile enchantments, very unstealthy
A: rugged brown scales 1, rot immunity
a: Berserk, Trog's Hand, Burn Spellbooks, Renounce Religion


You were on level 3 of the Dungeon.
You worshipped Trog.
Trog was most pleased with you.
You were very hungry.

You visited 1 branch of the dungeon, and saw 3 of its levels.

You collected 158 gold pieces.

Inventory:

Hand Weapons
 a - a +0 hand axe
 n - a +1 spear of flaming (weapon)
Armour
 b - a +0 animal skin
 g - a +1 scale mail (worn)
Jewellery
 q - a ring of stealth (left hand)
Scrolls
 d - a scroll of blinking
 e - 2 scrolls of identify {unknown}
 m - a scroll of fog
Potions
 f - 5 potions of curing {unknown}
 p - a potion of agility {unknown}
 r - 2 potions of cancellation {unknown}
Comestibles
 c - 2 bread rations
 h - a beef jerky
 j - 2 meat rations
 o - 2 fruits


   Skills:
 + Level 3.4 Fighting
 + Level 3.1(3.2) Axes
 + Level 0.3(2.0) Polearms
 + Level 3.0 Armour
 + Level 2.5 Dodging


You had 3 spell levels left.
You didn't know any spells.

Dungeon Overview and Level Annotations

Branches:
Dungeon (3/15)

Altars:
Elyvilon
Yredelemnul


Innate Abilities, Weirdness & Mutations

You are partially covered in rugged brown scales (AC +1, +3% HP).
You are immune to rotting.


Message History

You are too injured to fight recklessly!
Attack whom?
Press: ? - help, Dir - move target cursor, f - gnoll
Aim: a gnoll, wielding a halberd You reach to attack!
You closely miss the gnoll. The gnoll completely misses you.
Attack whom?
Press: ? - help, Dir - move target cursor, f/p - gnoll
Aim: a gnoll, wielding a halberd You reach to attack!
You closely miss the gnoll.
Attack whom?
Press: ? - help, Dir - move target cursor, f/p - gnoll
Aim: a gnoll, wielding a halberd You reach to attack!
You barely miss the gnoll.
The gnoll hits you from afar with a halberd.
* * * LOW HITPOINT WARNING * * *
There is a stone staircase leading up here.
You are feeling very hungry.
The gnoll hits you from afar with a halberd!
You die...

*,**,,* *,#.......##
#..#### #
*,***,***,##.....##
#.## #
*,,,,,,,,,*##...## #.#
# *****,***** ##(## #.#
# *,* ##(###### #.# #
*,* #.......# #.#
***,##*** #.)####.# #.#
*,,,....###...###.# #.#
*,*,.........@.##.###.#
*>*,..#####.S.#.......#
*,*,,,* #.g##.#.#####
*,*,,,* #.......#
*,**,,* #.....###
*,*#..#####..####
****,*#........g#
,,,,,,.....####.#
******........>.#
*****#*


You could see 2 gnolls and an adder.

Vanquished Creatures
  2 adders (D:2)
  3 worms
  2 dart slugs (D:3)
  2 giant geckos
  An orc (D:3)
  3 giant cockroaches
  5 goblins
  8 hobgoblins
  6 jackals (D:1)
  8 kobolds
  A quokka (D:2)
  6 bats
  4 giant newts
  9 rats
60 creatures vanquished.

Notes
Turn   | Place    | Note
--------------------------------------------------------------
     0 | D:1      | Scarto the Demonspawn Berserker began the quest for the Orb.
     0 | D:1      | Reached XP level 1. HP: 18/18 MP: 1/1
    18 | D:1      | Gained mutation: You are immune to rotting. [demonic ancestry]
    18 | D:1      | Reached XP level 2. HP: 21/24 MP: 2/2
   338 | D:1      | Reached ** piety under Trog
   344 | D:1      | Gained mutation: You are partially covered in rugged brown scales (AC +1, +3% HP). [demonic ancestry]
   344 | D:1      | Reached XP level 3. HP: 15/29 MP: 3/3
   684 | D:2      | Found a white marble altar of Elyvilon.
   723 | D:2      | Found a faded altar to an unknown god.
   811 | D:2      | Reached XP level 4. HP: 27/36 MP: 4/4
   926 | D:2      | Found a basalt altar of Yredelemnul.
  1160 | D:3      | Reached *** piety under Trog
  1451 | D:3      | Slain by a gnoll

Skill      XL: |  1  2  3  4 |
---------------+-------------+-----
Armour         | 2 3 |  3.0
Dodging        | 2 |  2.5
Axes           | 3 |  3.1
Fighting       | |  3.4
Polearms       | |  0.3

Action                   |  1- 3 |  4- 6 || total
-------------------------+-------+-------++-------
Melee: Hand axe          |   102 |       ||   102
       Spear             |    12 |    68 ||    80
Invok: Berserk           |     1 |       ||     1
  Use: Scroll            |       |     6 ||     6
  Eat: Chunk             |       |     2 ||     2
Armor: Animal skin       |     4 |       ||     4
       Scale mail        |    44 |    15 ||    59
Dodge: Dodged            |    89 |    23 ||   112
